 Dungeon Crawl Stone Soup version 0.26-a0-651-gb41185065b (webtiles) character file.

Game seed: 15007884196873473079

1789 gbos the Covered (level 8, -4/78 HPs)
             Began as a Deep Dwarf Fighter on Oct 14, 2020.
             Was a Believer of Ru.
             Slain by an orc warrior
             ... wielding a +1 war axe of electrocution
              (17 damage)
             ... on level 6 of the Dungeon.
             The game lasted 00:09:20 (4377 turns).

gbos the Covered (Deep Dwarf Fighter)               Turns: 4377, Time: 00:09:21

Health: -4/78      AC:  8    Str: 28    XL:     8   Next: 82%
Magic:  7/7        EV: 10    Int: 12    God:    Ru [**....]
Gold:   354        SH:  0    Dex:  7    Spells: 7/7 levels left

rFire    + . .     SeeInvis .   v - +0 war axe
rCold    . . .     Faith    .   (shield unavailable)
rNeg     . . .     Spirit   .   y - +0 ring mail of Gaemal {rF+ Int+3 Dex-5} (curse)
rPois    .         Reflect  .   (no helmet)
rElec    .         Harm     .   (no cloak)
rCorr    .         Rampage  .   w - +0 pair of gloves
MR       +....                  (no boots)
Stlth    ..........             (no amulet)
HPRegen  0.00/turn              (ring unavailable)
MPRegen  0.10/turn              u - +6 ring of strength

@: non-regenerating
A: damage resistance, heal wounds, sense surroundings 1, missing a hand, no
regeneration
a: Heal Wounds, Renounce Religion


You were on level 6 of the Dungeon.
You worshipped Ru.
Ru was pleased with you.
You visited 1 branch of the dungeon, and saw 6 of its levels.
You also visited: Ossuary.

You collected 354 gold pieces.


Innate Abilities, Weirdness & Mutations

You are resistant to damage.
You can heal yourself by infusing magical energy.
You passively map a small area around you.
You are missing a hand.
You do not regenerate.


   Skills:
 + Level 6.6 Fighting
 + Level 7.5 Axes
 + Level 7.9 Armour


You had 7 spell levels left.
You didn't know any spells.
Your spell library was empty.

Inventory:

Hand Weapons
 a - the +8 quarterstaff of Tiodehik {vorpal, rElec Str+5 Int-5}

   It inflicts extra damage upon your enemies.
   It affects your strength (+5).
   It affects your intelligence (-5).
   It insulates you from electricity.
 b - a +0 hunting sling
 v - a +0 war axe (weapon)
Missiles
 g - 69 sling bullets
 p - 44 poisoned darts (quivered)
Armour
 c - a +0 kite shield
 s - a +0 scale mail
 w - a +0 pair of gloves (worn)
 x - a +0 pair of gloves
 y - the cursed +0 ring mail of Gaemal (worn) {rF+ Int+3 Dex-5}

   It affects your intelligence (+3).
   It affects your dexterity (-5).
   It protects you from fire.
   It has a curse placed upon it.
Jewellery
 t - an uncursed ring of poison resistance
 u - a +6 ring of strength (right hand)
Wands
 F - a wand of disintegration (18)
 G - a wand of enslavement (9)
Scrolls
 e - 5 scrolls of identify {@r1}
 f - 2 scrolls of immolation {!r}
 k - 2 scrolls of teleportation {@r4}
 m - a scroll of random uselessness {unknown}
 n - 2 scrolls of amnesia {unknown}
 r - a scroll of enchant weapon {unknown}
 A - a scroll of vulnerability {unknown}
 D - a scroll of blinking {unknown}
 E - 2 scrolls of noise {unknown}
 H - a scroll of fog {unknown}
 J - 3 scrolls of remove curse {unknown}
Potions
 d - a potion of might
 h - a potion of resistance {unknown}
 i - 2 potions of haste {unknown}
 j - 2 potions of flight
 l - 3 potions of brilliance {unknown}
 o - a potion of heal wounds {unknown}
 q - 2 potions of mutation {!q}
 z - a potion of berserk rage {unknown}
 B - a potion of cancellation {unknown}
 C - a potion of invisibility {unknown}
 I - a potion of curing {unknown}

Dungeon Overview and Level Annotations

Branches:
Dungeon (6/15)            Ossuary (visited)
 Temple: D:4-7

Altars:
Cheibriados
Kikubaaqudgha
Okawaru
Qazlal
Ru

Annotations:
D:5 3 runed translucent doors, exclusion: 3 doors, p0werm0de's ghost, amateur MiFi

...▒ ▒.▒ ░.▒ ▒.▒
░ , ░░ ...▒ ▒..,
▒ ▒.▒ ░ ,
...▒▒▒▒▒▒▒▒▒▒▒▒.▒
, ,
..............▒ ░
...▒▒▒▒▒▒▒▒▒▒.▒
,,, , , ...▒ ▒.▒
░ ░░ ...▒
▒.▒▒▒▒▒▒ , ...▒
▒....o.▒ ...▒
▒...g▒.▒ ░ ...▒
▒...o†...▒ , ...▒
▒▒....▒▒.▒ ...▒ ░
▒.▒▒.▒ ░ , ▒▒▒▒ ,
▒.▒░.. , ░ ░
,,,▒..,..., ,
,... .... , ,░ ,
.▒ ▒▒▒▒▒ ░


You could see an orc warrior and an orc.


Message History

You hear a shout!
You slash the orc warrior!
The orc warrior is moderately wounded.
The orc warrior hits you with a +1 war axe of electrocution!
* * * LOW HITPOINT WARNING * * *
You are electrocuted!!
* * * LOW HITPOINT WARNING * * *
You focus your will and blind the orc warrior in retribution!
You slash the orc warrior!
The orc warrior is severely wounded.
The orc warrior barely misses you.
You barely miss the orc warrior.
The orc warrior is severely wounded.
The orc warrior hits you with a +1 war axe of electrocution.
* * * LOW HITPOINT WARNING * * *
An orc comes into view. It is wielding a +0 whip.
You completely miss the orc warrior.
The orc warrior is severely wounded.
The orc warrior hits you with a +1 war axe of electrocution.
A centaur skeleton comes into view.
Unknown command.
Use which ability? (? or * to list)
The orc warrior is no longer blind.
You hit the orc warrior.
The orc warrior is severely wounded.
You hit the orc.
The orc warrior hits you with a +1 war axe of electrocution!
* * * LOW HITPOINT WARNING * * *
You are electrocuted!!
You die...

Action                   |  1- 3 |  4- 6 |  7- 9 || total
-------------------------+-------+-------+-------++-------
Melee: War axe           |   117 |   113 |    78 ||   308
       Quarterstaff      |       |    15 |   113 ||   128
 Fire: Hunting sling     |       |    47 |     5 ||    52
Throw: Dart              |       |     4 |       ||     4
Invok: Sacrifice a Hand  |       |       |     1 ||     1
 Abil: Heal Wounds       |       |     4 |     6 ||    10
  Use: Scroll            |       |     5 |     1 ||     6
Armor: Scale mail        |    59 |    75 |       ||   134
       Ring mail         |       |     4 |    72 ||    76
Dodge: Dodged            |    50 |    45 |    87 ||   182
Block: Kite shield       |    82 |    74 |       ||   156

Levels and vault maps discovered:
D:1:      roderic_octagonal_star, layout_basic
D:2:      layout_rooms, cheibriados_altar_1
D:3:      layout_loops_ring, lemuel_coloured_pillars_altar, st_stairs_11
D:4:      layout_basic, lightli_ossuary_entry_decrepit_ruins,
          nicolae_ru_great_annihilating_truth, uniq_natasha, uniq_edmund
D:5:      layout_basic, lemuel_crystal_altar, gammafunk_ghost_nasty_kobolds,
          okawaru_altar_gauntlet_db, uniq_menkaure
D:6:      layout_basic, st_stairs_6, grunt_ministairs_12,
          guppyfry_early_elven_hall

Notes
Turn   | Place    | Note
-------+----------+-------------------------------------------
     0 | D:1      | gbos the Deep Dwarf Fighter began the quest for the Orb.
     0 | D:1      | Reached XP level 1. HP: 20/20 MP: 1/1
   106 | D:1      | Reached XP level 2. HP: 27/27 MP: 2/2
   225 | D:1      | Reached skill level 3 in Fighting
   459 | D:1      | Reached XP level 3. HP: 29/34 MP: 3/3
   782 | D:2      | Found a snail-covered altar of Cheibriados.
   795 | D:2      | Reached skill level 3 in Axes
   841 | D:2      | Reached skill level 4 in Armour
  1159 | D:3      | Reached XP level 4. HP: 31/42 MP: 4/4
  1238 | D:3      | Found an ancient bone altar of Kikubaaqudgha.
  1318 | D:3      | Reached XP level 5. HP: 41/50 MP: 5/5
  1501 | D:3      | HP: 12/50 [big kobold/+0 flail (6)]
  1504 | D:3      | Reached skill level 4 in Fighting
  1504 | D:3      | Reached skill level 4 in Axes
  1526 | D:3      | Noticed an ogre
  1535 | D:3      | Killed an ogre
  1535 | D:3      | Reached skill level 5 in Armour
  1535 | D:3      | Reached XP level 6. HP: 25/57 MP: 6/6
  1987 | D:4      | Found a sacrificial altar of Ru.
  2031 | D:4      | Became a worshipper of Ru the Awakened
  2231 | D:4      | Got a bloodstained quarterstaff
  2237 | D:4      | Identified the +8 quarterstaff of Tiodehik {vorpal, rElec
                  | Str+5 Int-5} (You found it on level 4 of the Dungeon)
  2265 | D:4      | Found a sand-covered staircase.
  2287 | D:4      | Got a brightly glowing ring mail
  2299 | Ossuary  | Entered an ossuary
  2310 | Ossuary  | Identified the cursed +0 ring mail of Gaemal {rF+ Int+3
                  | Dex-5} (You found it on level 4 of the Dungeon)
  2340 | Ossuary  | Reached skill level 5 in Axes
  2348 | Ossuary  | Reached XP level 7. HP: 46/66 MP: 7/7
  2398 | Ossuary  | Reached skill level 5 in Fighting
  2398 | Ossuary  | Reached skill level 6 in Armour
  2406 | Ossuary  | HP: 16/67 [elf zombie (5)]
  2451 | Ossuary  | Reached skill level 6 in Axes
  2572 | D:4      | Noticed Edmund
  2592 | D:4      | Killed Edmund
  2592 | D:4      | Reached XP level 8. HP: 29/76 MP: 8/8
  2925 | D:4      | Noticed Natasha
  2932 | D:4      | Killed Natasha
  2937 | D:4      | Reached skill level 7 in Armour
  3210 | D:5      | Entered Level 5 of the Dungeon
  3412 | D:5      | Found a runed translucent gate.
  3412 | D:5      | Found a runed translucent gate.
  3412 | D:5      | Found a runed translucent gate.
  3413 | D:5      | Noticed p0werm0de's ghost (amateur MiFi)
  3413 | D:5      | Identified the cursed +3 dagger "Orb Guardian's Doom"
                  | {elec, rF+ Str+4}
  3479 | D:5      | Gained mutation: You are missing a hand. [Ru sacrifice]
  3479 | D:5      | Reduced skill Shields to level 0
  3479 | D:5      | Reached * piety under Ru
  3479 | D:5      | Reached ** piety under Ru
  3482 | D:5      | Noticed Menkaure
  3488 | D:5      | HP: 16/76 [Menkaure (8)]
  3489 | D:5      | HP: 7/76 [Menkaure/nerve-wracking pain (9)]
  3495 | D:5      | Killed Menkaure
  3495 | D:5      | Reached skill level 6 in Fighting
  3511 | D:5      | Reached skill level 7 in Axes
  3574 | D:5      | HP: 22/76 [bullfrog skeleton (2)]
  3677 | D:5      | Found a stormy altar of Qazlal.
  3847 | D:5      | Found an iron altar of Okawaru.
  3850 | D:5      | HP: 20/76 [gnoll/stone (1)]
  3856 | D:5      | HP: 17/76 [gnoll (3)]
  3870 | D:5      | HP: 16/76 [kobold (1)]
  3918 | D:5      | HP: 14/76 [ooze (2)]
  4372 | D:6      | HP: 20/78 [orc warrior/+1 war axe of electrocution (8)]
  4372 | D:6      | HP: 2/78 [orc warrior/+1 war axe of electrocution (18)]
  4377 | D:6      | HP: 13/78 [orc warrior/+1 war axe of electrocution (13)]
  4377 | D:6      | Slain by an orc warrior

Vanquished Creatures
  Menkaure (D:5)
  Edmund (D:4)
  A phantom (D:5)
  An ogre (D:3)
  A centaur (D:6)
  A big kobold (D:3)
  4 elf zombies (Ossuary)
  A bullfrog (D:6)
  A scorpion (D:5)
  2 centaur zombies
  A bullfrog zombie (D:5)
  3 hounds
  7 human zombies (Ossuary)
  2 bullfrog skeletons
  Natasha (D:4)
  An orc wizard (D:4)
  3 worker ants (D:4)
  3 mummies (Ossuary)
  A gnoll (D:5)
  12 adders
  A white imp (D:4)
  An ufetubus (D:6)
  An ooze (D:5)
  An adder zombie (D:6)
  3 worms (D:3)
  2 dart slugs
  3 leopard geckos
  3 orcs
  3 ball pythons
  5 giant cockroaches
  10 goblins
  7 hobgoblins
  5 jackals
  11 kobolds
  4 quokkas
  10 bats
  5 frilled lizards
  A leopard gecko skeleton (D:4)
  7 rats
131 creatures vanquished.
